 Dungeon Crawl Stone Soup version 0.31-a0-217-g58bb5d79cf (webtiles) character file.

Game seed: 7284192031301317910

100 qw the Shooter (level 4, -6/26 HPs)
             Began as a Gargoyle Hexslinger on July 2, 2023.
             Mangled by an ogre
             ... wielding a +0 giant club
              (32 damage)
             ... on level 4 of the Dungeon.
             The game lasted 00:00:48 (2613 turns).

qw the Shooter (Gargoyle Hexslinger)                Turns: 2613, Time: 00:00:49

Health: -6/26      AC: 10    Str: 15    XL:     4   Next: 74%
Magic:  5/5        EV: 11    Int: 17    God:
Gold:   33         SH:  5    Dex: 19    Spells: 4/5 levels left

rFire   + + .        Y - +2 sling
rCold   + . .        (no shield)
rNeg    + . .        k - +0 ring mail
rPois   inf          (no helmet)
rElec   +            e - scarf {rC+ rF+}
rCorr   .            j - +1 pair of gloves
SInv    +            (no boots)
Will    .....        o - amulet of reflection
Stlth   +            m - ring of see invisible
HPRegen 0.24/turn    b - ring of the Endless Expanse {rF+ Str+4 Int+3 Dex+5}
MPRegen 0.09/turn

%: reflection
@: about to teleport
A: sickness immunity, AC +3, negative energy resistance 1, electricity
resistance, torment resistance 1, petrification resistance
a: no special abilities


You were on level 4 of the Dungeon.
You visited 1 branch of the dungeon, and saw 4 of its levels.

You collected 248 gold pieces.
You spent 215 gold pieces at shops.


Innate Abilities, Weirdness & Mutations

You are immune to sickness and miasma.
Your stone body is resilient. (AC +3)
You are immune to poison.
You resist negative energy. (rN+)
You are resistant to electric shocks. (rElec)
You are resistant to unholy torment.
You are immune to petrification.


   Skills:
 - Level 2.0 Fighting
 - Level 4.4 Ranged Weapons
 + Level 0.3 Armour
 - Level 1.5 Dodging
 - Level 1.0 Spellcasting
 - Level 2.6 Hexes


You had 4 spell levels left.
You knew the following spells:

 Your Spells              Type           Power      Damage    Failure   Level
a - Slow                  Hex            36%        N/A       14%         1

Your spell library contained the following spells:

 Spells                   Type           Power      Damage    Failure   Level
 Inner Flame              Hex/Fire       5%         N/A       58%         3
 Portal Projectile        Hex/Tloc       10%        N/A       58%         3
 Cause Fear               Hex            4%         N/A       80%         4

Inventory:

Hand Weapons
 Y - a +2 sling (weapon)
Armour
 e - a scarf of resistance (worn)
 j - a +1 pair of gloves (worn)
 k - a +0 ring mail (worn)
Jewellery
 a - a ring of resist corrosion
 b - the ring of the Endless Expanse (right hand) {rF+ Str+4 Int+3 Dex+5}
   (You found it on level 2 of the Dungeon)

   [ring of protection from fire]

   Str:       It affects your strength (+4).
   Int:       It affects your intelligence (+3).
   Dex:       It affects your dexterity (+5).
   rF:        It protects you from fire.
 m - a ring of see invisible (left hand)
 o - an amulet of reflection (around neck)
Scrolls
 h - 5 scrolls of identify
Potions
 l - a potion of curing

Dungeon Overview and Level Annotations

Branches:
Dungeon (4/15)
 Temple: D:4-7

Altars:
Sif Muna

Shops:
D:1 ?   D:4 ?


Message History

There is an open door here.
You open the door.
Found a shimmering blue altar of Sif Muna.
Enter note:
Enter note:
Found a mace.
There is an open door here.
Enter note: You open the door.
There is an open door here.
You open the door.
A kobold comes into view. It is wielding a +0 short sword.
There is an open door here.
Enter note: You shoot a sling bullet.
The sling bullet hits the kobold.
You kill the kobold!
You open the door.
An ogre comes into view. It is wielding a +0 giant club.
The ogre shouts!
Enter note: You shoot a sling bullet.
The sling bullet hits the ogre but does no damage.
You shoot a sling bullet. The sling bullet hits the ogre.
The ogre is moderately wounded.
You shoot a sling bullet. The sling bullet hits the ogre.
The ogre is heavily wounded.
The ogre hits you with a +0 giant club!!
Ouch! That really hurt!
2611 ||| READING scroll of teleportation.
As you read the scroll of teleportation, it crumbles to dust.
You feel strangely unstable.
2612 ||| DRINKING potion of heal wounds.
You feel much better. The ogre barely misses you.
You shoot a sling bullet.
The sling bullet hits the ogre but does no damage.
The ogre is heavily wounded.
The ogre hits you with a +0 giant club!!
Ouch! That really hurt!
You die...

###+###+### #
.).....#..# .###
.......#..#....#.
##+###'.@O......
+...+.#..#......
#.).#.#..# .....
#._.#.'##+ ....
#...#.#..# .#.
+...'.#..# ## #
+###+###'..+ .#
#.......#..##.#
#.......#..#..#


You could see an ogre.

Vanquished Creatures
  An orc wizard (D:3)
  2 adders (D:3)
  A worm (D:3)
  2 dart slugs
  3 orcs
  6 bats
  5 endoplasms
  3 goblins (D:2)
  3 hobgoblins
  3 jackals (D:2)
  4 kobolds
  2 quokkas
  4 ball pythons
  5 frilled lizards
  3 rats
47 creatures vanquished.

Notes
Turn   | Place    | Note
-------+----------+-------------------------------------------
     0 | D:1      | qw the Gargoyle Hexslinger began the quest for the Orb.
     0 | D:1      | Reached XP level 1. HP: 12/12 MP: 2/2
     0 | D:1      | 0 ||| qw: Version: 0.3-a-40-ge99b1a8
     0 | D:1      | 0 ||| qw: Game counter: 222
     0 | D:1      | 0 ||| qw: Melee chars always use a shield: true
     0 | D:1      | 0 ||| qw: God list: Okawaru
     0 | D:1      | 0 ||| qw: Allow faded altars: false
     0 | D:1      | 0 ||| qw: Do Orc after clearing Dungeon:15 true
     0 | D:1      | 0 ||| qw: Do second Lair branch before Depths: true
     0 | D:1      | 0 ||| qw: Lair rune preference: random
     0 | D:1      | 0 ||| qw: Goals: Normal
     0 | D:1      | 0 ||| PLANNING D:1-11
   454 | D:1      | Found Oloha's Magic Scroll Boutique.
   462 | D:1      | 462 ||| SHOPLISTING scroll of enchant armour (105 gold,
                  | have 61).
   462 | D:1      | 462 ||| SHOPLISTING scroll of enchant weapon (105 gold,
                  | have 61).
   462 | D:1      | 462 ||| BUYING scroll of identify (28 gold).
   462 | D:1      | Bought a scroll of identify for 28 gold pieces
   462 | D:1      | 462 ||| BUYING scroll of identify (28 gold).
   462 | D:1      | Bought a scroll of identify for 28 gold pieces
   462 | D:1      | 462 ||| SHOPLISTING scroll of teleportation (42 gold, have
                  | 5).
   522 | D:1      | 522 ||| FLEEEEING.
   523 | D:1      | 523 ||| FLEEEEING.
   540 | D:1      | Reached XP level 2. HP: 16/16 MP: 3/3
   741 | D:1      | 741 ||| UPGRADING to scarf of resistance.
   746 | D:1      | 746 ||| UPGRADING to +0 leather armour.
   756 | D:1      | 756 ||| DROPPING +0 robe.
   757 | D:1      | 757 ||| UPGRADING to +0 pair of gloves.
   762 | D:1      | 762 ||| UPGRADING to ring of resist corrosion.
   763 | D:1      | 763 ||| READING 3 scrolls labelled POJINOO MYPSOA.
   764 | D:1      | 764 ||| DRINKING 2 white potions.
   765 | D:1      | 765 ||| READING 3 scrolls of identify.
   765 | D:1      | 765 ||| IDENTIFYING viscous amethyst potion
   766 | D:1      | 766 ||| READING 2 scrolls of identify.
   766 | D:1      | 766 ||| IDENTIFYING fizzy blue potion
   767 | D:1      | 767 ||| DROPPING 2 scrolls of revelation.
   768 | D:1      | 768 ||| DROPPING scroll of poison.
   769 | D:1      | 769 ||| DROPPING potion of magic.
   824 | D:2      | Reached skill level 3 in Ranged Weapons
   958 | D:2      | Identified the ring of the Endless Expanse {rF+ Str+4 Int+3
                  | Dex+5}
  1077 | D:2      | Reached XP level 3. HP: 21/21 MP: 4/4
  1176 | D:2      | Found a faded altar of an unknown god.
  1473 | D:2      | 1473 ||| UPGRADING to amulet of reflection.
  1478 | D:2      | 1478 ||| UPGRADING to ring of the Endless Expanse {rF+
                  | Str+4 Int+3 Dex+5}.
  1479 | D:2      | 1479 ||| UPGRADING to ring of see invisible.
  1481 | D:2      | 1481 ||| READING scroll labelled YRAD AG TAKH.
  1582 | D:2      | 1582 ||| READING scroll labelled CENIYH VOEC.
  1583 | D:2      | 1583 ||| READING scroll labelled HETUYBL MUWKAL.
  1584 | D:2      | 1584 ||| READING scroll labelled FEEPTE XUGEITSU.
  1585 | D:2      | 1585 ||| READING 4 scrolls of identify.
  1585 | D:2      | 1585 ||| IDENTIFYING glowing orange potion
  1586 | D:2      | 1586 ||| DROPPING potion of lignification.
  2007 | D:3      | Reached XP level 4. HP: 26/26 MP: 5/5
  2063 | D:3      | Reached skill level 4 in Ranged Weapons
  2454 | D:3      | 2454 ||| UPGRADING to +0 ring mail.
  2464 | D:3      | 2464 ||| DROPPING +0 leather armour.
  2465 | D:3      | 2465 ||| DROPPING amulet of guardian spirit.
  2466 | D:3      | 2466 ||| READING scroll labelled SULORCHU JIGRAU.
  2467 | D:3      | 2467 ||| READING 2 scrolls labelled ZERIGUI TAOM.
  2468 | D:3      | 2468 ||| READING scroll of enchant armour.
  2468 | D:3      | 2468 ||| ENCHANTING +0 pair of gloves.
  2469 | D:3      | 2469 ||| READING scroll labelled YCHO GEDETROYM.
  2499 | D:4      | Found Bellatwu's Magic Scroll Shoppe.
  2503 | D:4      | 2503 ||| BUYING scroll of enchant weapon (82 gold).
  2503 | D:4      | Bought a scroll of enchant weapon for 82 gold pieces
  2503 | D:4      | 2503 ||| BUYING scroll of identify (22 gold).
  2503 | D:4      | Bought a scroll of identify for 22 gold pieces
  2503 | D:4      | 2503 ||| BUYING scroll of identify (22 gold).
  2503 | D:4      | Bought a scroll of identify for 22 gold pieces
  2503 | D:4      | 2503 ||| BUYING scroll of teleportation (33 gold).
  2503 | D:4      | Bought a scroll of teleportation for 33 gold pieces
  2503 | D:4      | 2503 ||| SHOPLISTING scroll of teleportation (33 gold, have
                  | 11).
  2503 | D:4      | 2503 ||| READING scroll of enchant weapon.
  2503 | D:4      | 2503 ||| ENCHANTING +1 sling.
  2595 | D:4      | Found a shimmering blue altar of Sif Muna.
  2607 | D:4      | Noticed an ogre
  2610 | D:4      | HP: 6/26 [ogre/+0 giant club (20)]
  2611 | D:4      | 2611 ||| READING scroll of teleportation.
  2612 | D:4      | 2612 ||| DRINKING potion of heal wounds.
  2613 | D:4      | Mangled by an ogre

Levels and vault maps discovered:
D:1:      pf_arrival_petrified_forest, layout_basic, serial_shops,
          nicolae_shop_competitors_out_of_business
D:2:      layout_basic, shapermc_ecumenical_altar_venn
D:3:      layout_basic, nicolae_overflow_hidden_temple, hangedman_feature_mirror
D:4:      wad_lake_hut, layout_basic, mainiacjoe_overflow_24_doors,
          serial_shops, shop_scrolls, uniq_ijyb

Skill      XL: |  1  2  3  4 |
---------------+-------------+-----
Ranged Weapons | 3 4 |  4.4
Fighting       | 2 |  2.0
Armour         | |  0.3
Dodging        | |  1.5
Spellcasting   | |  1.0
Hexes          | |  2.6

Action                     |  1- 3 |  4- 6 || total
---------------------------+-------+-------++-------
   Fire: Sling             |   115 |    32 ||   147
    Use: Scroll            |     8 |     6 ||    14
         Potion            |     1 |     1 ||     2
 Armour: Leather armour    |    11 |    11 ||    22
         Robe              |     3 |       ||     3
  Dodge: Dodged            |    25 |    11 ||    36
  Block: Other             |     1 |     9 ||    10

Table legend:
 A = Non-vault XP
 B = Vault XP
 C = Vault XP percentage of total XP
 D = Non-vault monster count
 E = Vault monster count
 F = Vault count percentage of total count
                 A         B        C        D         E       F
            +---------+---------+-------+---------+---------+-------
      Total |     138 |       6 |   4.2 |      45 |       2 |   4.3
            +---------+---------+-------+---------+---------+-------
        D:1 |      18 |       0 |   0.0 |      10 |       0 |   0.0
        D:2 |      31 |       0 |   0.0 |      16 |       0 |   0.0
        D:3 |      84 |       6 |   6.7 |      17 |       2 |  10.5
        D:4 |       5 |       0 |   0.0 |       2 |       0 |   0.0
            +---------+---------+-------+---------+---------+-------
